 Dungeon Crawl Stone Soup version 0.20.1-1-g8b1a95d (webtiles) character file.

792 Lanoc the Shield-Bearer (level 8, -6/62 HPs)
             Began as a Formicid Fighter on Dec 1, 2017.
             Mangled by an ice beast (13 damage)
             ... on level 5 of the Dungeon.
             The game lasted 00:12:38 (4229 turns).

Lanoc the Shield-Bearer (Formicid Fighter)          Turns: 4229, Time: 00:12:39

Health: -6/62      AC:  7    Str: 23    XL:     8   Next: 12%
Magic:  8/8        EV: 10    Int: 11    God:
Gold:   78         SH: 11    Dex: 10    Spells: 7/7 levels left

rFire    . . .     SeeInvis +   a - +0 quarterstaff
rCold    . . .     Gourm    .   c - +1 shield
rNeg     . . .     Faith    .   b - +0 scale mail
rPois    .         Spirit   .   (helmet unavailable)
rElec    .         Reflect  .   (no cloak)
rCorr    .         Harm     .   (no gloves)
MR       .....                  (no boots)
Stlth    ..........             (no amulet)
Regen    0.2/turn               h - +3 ring of intelligence
MPRegen  0.2/turn               (no ring)

@: no status effects
A: permanent stasis, dig shafts and tunnels, four strong arms, antennae 3
a: Dig, Shaft Self


You were on level 5 of the Dungeon.
You were not hungry.

You visited 1 branch of the dungeon, and saw 5 of its levels.

You collected 148 gold pieces.
You spent 70 gold pieces at shops.

Inventory:

Hand Weapons
 a - a +0 quarterstaff (weapon)
 i - a +0 hunting sling
Missiles
 j - 2 javelins of penetration (quivered)
 p - 49 sling bullets
Armour
 b - a +0 scale mail (worn)
 c - a +1 shield (worn)
 w - a +0 ring mail of magic resistance
Jewellery
 h - a +3 ring of intelligence (left hand)
Scrolls
 e - 4 scrolls of identify
 l - 3 scrolls of remove curse
 q - a scroll of fog {unknown}
 r - a scroll of fear
Potions
 d - a potion of might
 m - a potion of ambrosia {unknown}
 n - 2 potions of flight
 o - 3 potions of curing
 s - a potion of lignification {unknown}
 u - a potion of heal wounds
 v - a potion of berserk rage {unknown}
Comestibles
 f - 3 bread rations
 g - 2 royal jellies
 k - 5 meat rations
 t - 6 chunks of flesh


   Skills:
 + Level 5.0 Fighting
 + Level 4.0 Staves
 + Level 1.8 Slings
 + Level 5.4 Armour
 + Level 3.0 Dodging
 + Level 5.8 Shields


You had 7 spell levels left.
You didn't know any spells.

Dungeon Overview and Level Annotations

Branches:
Dungeon (5/15)
 Temple: D:4-7

Altars:
Okawaru
Trog
Vehumet
Xom
The Shining One

Shops:
D:5 !


Innate Abilities, Weirdness & Mutations

You cannot be hasted, slowed, berserked, paralysed or teleported.
You can dig through walls and to a lower floor.
Your four strong arms can wield two-handed weapons with a shield.
You have a pair of large antennae on your head. (SInv)


Message History

Things that are here:
2 chunks of flesh; an orc skeleton You see here an orc corpse.
You butcher the orc corpse.
You see here a chunk of flesh.
You hit the ice beast but do no damage. The ice beast barely misses you.
You hit the ice beast.
The ice beast is lightly wounded.
You block the ice beast's attack.
You closely miss the ice beast.
The ice beast is lightly wounded.
The ice beast hits you. The ice beast freezes you!
* * * LOW HITPOINT WARNING * * *
You block the ice beast's attack.
You closely miss the ice beast.
The ice beast is lightly wounded.
The ice beast hits you.
* * * LOW HITPOINT WARNING * * *
The ice beast freezes you!
You die...

...........####.#
.###...##.#
#..###.#
#.###.(....# {
#......#####
######'## ##...##
##.?...##
##)@.....#
#.%Y......#
+.........+
#.........#
##.......##
###....## ...##
#+##


You could see an ice beast.

Vanquished Creatures
  An ice beast (D:5)
  A phantom (D:4)
  A crocodile (D:4)
  2 orc priests
  A bullfrog skeleton (D:5)
  A hound (D:4)
  Jessica (D:3)
  Natasha (thrice) (D:2)
  2 worker ants (D:4)
  Robin (D:2)
  4 gnolls (D:2)
  9 adders
  2 adder skeletons (D:4)
  2 worms
  5 dart slugs
  3 leopard geckos
  10 orcs
  A ball python (D:2)
  3 bats
  6 giant cockroaches
  13 goblins
  8 hobgoblins
  6 jackals
  4 kobolds
  6 quokkas
  3 frilled lizards
  25 rats
124 creatures vanquished.

Notes
Turn   | Place    | Note
-------+----------+-------------------------------------------
     0 | D:1      | Lanoc the Formicid Fighter began the quest for the Orb.
     0 | D:1      | Reached XP level 1. HP: 18/18 MP: 1/1
    92 | D:1      | Reached XP level 2. HP: 18/24 MP: 2/2
   185 | D:1      | Reached XP level 3. HP: 17/29 MP: 3/3
   394 | D:1      | Reached skill level 1 in Dodging
   485 | D:2      | Noticed Robin
   502 | D:2      | Reached XP level 4. HP: 22/35 MP: 4/4
   524 | D:2      | Killed Robin
   580 | D:2      | Noticed Natasha
   586 | D:2      | Killed Natasha
   594 | D:2      | Found a glowing golden altar of the Shining One.
   625 | D:2      | Reached XP level 5. HP: 15/42 MP: 5/5
   975 | D:2      | Noticed Natasha
   987 | D:2      | Killed Natasha
  1052 | D:2      | Noticed Natasha
  1065 | D:2      | Killed Natasha
  1077 | D:2      | Reached XP level 6. HP: 13/48 MP: 6/6
  2202 | D:3      | Noticed Jessica
  2203 | D:3      | Killed Jessica
  2365 | D:3      | Found a bloodstained altar of Trog.
  2366 | D:3      | Found a radiant altar of Vehumet.
  2367 | D:3      | Found an iron altar of Okawaru.
  2902 | D:4      | Reached XP level 7. HP: 31/55 MP: 7/7
  2922 | D:4      | Reached skill level 5 in Shields
  3254 | D:4      | Reached skill level 1 in Slings
  3254 | D:4      | Reached skill level 5 in Armour
  3718 | D:4      | Found a shimmering altar of Xom.
  4115 | D:5      | Entered Level 5 of the Dungeon
  4131 | D:5      | Found Onunwim's Distillery.
  4135 | D:5      | Bought a potion of heal wounds for 70 gold pieces
  4192 | D:5      | Reached skill level 5 in Fighting
  4192 | D:5      | Reached XP level 8. HP: 55/62 MP: 8/8
  4229 | D:5      | Mangled by an ice beast

Skill      XL: |  1  2  3  4  5  6  7  8 |
---------------+-------------------------+-----
Shields        | 4 5 |  5.8
Dodging        | 1 2 3 |  3.0
Armour         | 4 5 |  5.4
Fighting       | 4 5 |  5.0
Staves         | 3 4 |  4.0
Slings         | 1 |  1.8

Action                   |  1- 3 |  4- 6 |  7- 9 || total
-------------------------+-------+-------+-------++-------
Melee: Quarterstaff      |    87 |   215 |   166 ||   468
  Use: Scroll            |       |     6 |       ||     6
  Eat: Chunk             |       |     7 |     4 ||    11
Armor: Scale mail        |    30 |    59 |    53 ||   142
Dodge: Dodged            |    25 |    56 |    55 ||   136
Block: Shield            |    48 |    94 |    94 ||   236
